 Dungeon Crawl Stone Soup version 0.31-a0-150-g89dc3ad700 (webtiles) character file.

Game seed: 3294909888447081207

49 qw the Shooter (level 3, 0/22 HPs)
             Began as a Gargoyle Hunter on June 8, 2023.
             Slain by Sigmund
             ... wielding a +0 scythe
              (7 damage)
             ... on level 2 of the Dungeon.
             The game lasted 00:00:23 (1169 turns).

qw the Shooter (Gargoyle Hunter)                    Turns: 1169, Time: 00:00:24

Health: 0/22       AC:  6    Str: 14    XL:     3   Next: 77%
Magic:  3/3        EV: 11    Int:  9    God:
Gold:   47         SH:  0    Dex: 15    Spells: 2/2 levels left

rFire   . . .        Y - +0 shortbow
rCold   . . .        (shield currently unavailable)
rNeg    + + .        c - +0 leather armour
rPois   inf          (no helmet)
rElec   +            (no cloak)
rCorr   .            (no gloves)
SInv    .            (no boots)
Will    .....        (no amulet)
Stlth   ++           e - ring of positive energy
HPRegen 0.23/turn    (no ring)
MPRegen 0.08/turn

%: no passive effects
@: no status effects
A: sickness immunity, AC +3, negative energy resistance 1, electricity
resistance, torment resistance 1, petrification resistance
a: no special abilities


You were on level 2 of the Dungeon.
You visited 1 branch of the dungeon, and saw 2 of its levels.

You collected 119 gold pieces.
You spent 72 gold pieces at shops.


Innate Abilities, Weirdness & Mutations

You are immune to sickness and miasma.
Your stone body is resilient. (AC +3)
You are immune to poison.
You resist negative energy. (rN+)
You are resistant to electric shocks. (rElec)
You are resistant to unholy torment.
You are immune to petrification.


   Skills:
 + Level 2.8 Fighting
 - Level 5.0 Ranged Weapons
 - Level 1.5 Dodging
 - Level 1.1 Stealth


You had 2 spell levels left.
You didn't know any spells.
Your spell library was empty.

Inventory:

Hand Weapons
 Y - a +0 shortbow (weapon)
Armour
 c - a +0 leather armour (worn)
Jewellery
 e - a ring of positive energy (left hand)
Scrolls
 a - a scroll of magic mapping {unknown}
 k - a scroll of identify
Potions
 b - a potion of enlightenment {unknown}
 d - a potion of might
 f - a potion of haste
 g - a potion of lignification {unknown}
 i - a potion of attraction {unknown}
 j - a potion of mutation {unknown}

Dungeon Overview and Level Annotations

Branches:
Dungeon (2/15)

Altars:

Shops:
D:1 ?

Annotations:
D:2 Sigmund


Message History

Found a stone staircase leading up.
Enter note:
Enter note: A goblin and a worm come into view.
Found a book of Conjurations.
The goblin shouts!
You hear a shout!
The worm moves out of view.
Enter note:
Enter note: You shoot an arrow.
The arrow hits the goblin.
You kill the goblin!
Sigmund the Dreaded comes into view.
He is wielding a +0 scythe.
You shoot an arrow. The arrow hits Sigmund!
Sigmund is heavily wounded.
Sigmund points at you and mumbles some strange words.
You are confused.
Sigmund gestures at you while chanting. The magic dart hits you.
Sigmund gestures at you while chanting. The puff of flame hits you.
You feel less confused. Sigmund barely misses you. The worm bites you.
You shoot an arrow.
The arrow hits the worm but does no damage.
Sigmund closely misses you. The worm bites you.
You shoot an arrow. The arrow barely misses the worm.
Sigmund hits you from afar with a +0 scythe.
You shoot an arrow. The arrow hits the worm!
The worm is heavily wounded.
The worm bites you.
You shoot an arrow. The arrow hits the worm.
The worm is severely wounded.
Sigmund hits you but does no damage. The worm closely misses you.
You shoot an arrow. The arrow hits the worm!
You kill the worm!
Sigmund closely misses you.
You shoot an arrow. The arrow hits Sigmund!
Sigmund is severely wounded.
Sigmund hits you from afar with a +0 scythe!
You die...

#. .. #
##.##
##'##..!#
:.......#
.).....@#
......%.#
#@# #.#
#.# #.# #
#.# # .
#.# # .#
#.#######
##
#######..#
#.....#.#
.#
#.......#
#.#.....#


You could see Sigmund.

Vanquished Creatures
  A gnoll (D:1)
  A worm (D:2)
  A dart slug (D:1)
  A bat (D:1)
  4 endoplasms
  2 giant cockroaches (D:1)
  2 hobgoblins (D:1)
  3 jackals (D:2)
  A kobold (D:2)
  3 quokkas (D:1)
  2 ball pythons (D:1)
  5 goblins
  4 rats
30 creatures vanquished.

Notes
Turn   | Place    | Note
-------+----------+-------------------------------------------
     0 | D:1      | qw the Gargoyle Hunter began the quest for the Orb.
     0 | D:1      | Reached XP level 1. HP: 12/12 MP: 1/1
     0 | D:1      | 0 ||| qw: Version: 0.2-a-120-gdf1a93b
     0 | D:1      | 0 ||| qw: Game counter: 2998
     0 | D:1      | 0 ||| qw: Always use a shield: true
     0 | D:1      | 0 ||| qw: God list: Okawaru
     0 | D:1      | 0 ||| qw: Allow faded altars: false
     0 | D:1      | 0 ||| qw: Do Orc after D:15 true
     0 | D:1      | 0 ||| qw: Do second Lair branch before Depths: true
     0 | D:1      | 0 ||| qw: Lair rune preference: random
     0 | D:1      | 0 ||| qw: Plans: Normal
     0 | D:1      | 0 ||| PLANNING D:1-11
   108 | D:1      | Reached XP level 2. HP: 17/17 MP: 2/2
   119 | D:1      | Found a faded altar of an unknown god.
   332 | D:1      | Reached skill level 5 in Ranged Weapons
   332 | D:1      | Reached XP level 3. HP: 18/21 MP: 3/3
   892 | D:1      | Found Edaher's Magic Scroll Boutique.
   895 | D:1      | 895 ||| SHOPLISTING scroll of acquirement (624 gold, have
                  | 82).
   895 | D:1      | 895 ||| SHOPLISTING scroll of enchant armour (90 gold, have
                  | 82).
   895 | D:1      | 895 ||| SHOPLISTING scroll of enchant weapon (90 gold, have
                  | 82).
   895 | D:1      | 895 ||| BUYING scroll of identify (24 gold).
   895 | D:1      | Bought a scroll of identify for 24 gold pieces
   895 | D:1      | 895 ||| BUYING scroll of identify (24 gold).
   895 | D:1      | Bought a scroll of identify for 24 gold pieces
   895 | D:1      | 895 ||| BUYING scroll of identify (24 gold).
   895 | D:1      | Bought a scroll of identify for 24 gold pieces
   895 | D:1      | 895 ||| SHOPLISTING scroll of identify (24 gold, have 10).
   895 | D:1      | 895 ||| UPGRADING to ring of positive energy.
   896 | D:1      | 896 ||| READING 2 scrolls labelled ICRAGI XAED.
   897 | D:1      | 897 ||| READING 3 scrolls of identify.
   897 | D:1      | 897 ||| IDENTIFYING fuming white potion
   898 | D:1      | 898 ||| READING 2 scrolls of identify.
   898 | D:1      | 898 ||| IDENTIFYING yellow potion
   899 | D:1      | 899 ||| DROPPING scroll of amnesia.
   900 | D:1      | 900 ||| DROPPING scroll of butterflies.
  1156 | D:2      | Noticed Sigmund
  1169 | D:2      | Slain by Sigmund

Levels and vault maps discovered:
D:1:      arrival_zaba_pyramid, layout_basic, dreamdust_ecumenical_altar_grove,
          serial_shops, nicolae_shop_rolled_up, minmay_misc_feat_iff,
          minmay_pentomino_s2
D:2:      layout_basic, basic_altar, serial_corexii_hall,
          chequers_hall_statues_y, corexii_hall_statues_i, uniq_sigmund

Skill      XL: |  1  2 |
---------------+-------+-----
Ranged Weapons | 5 |  5.0
Fighting       | |  2.8
Dodging        | |  1.5
Stealth        | |  1.1

Action                     || total
---------------------------++-------
   Fire: Shortbow          ||    83
    Use: Scroll            ||     3
 Armour: Leather armour    ||    15
  Dodge: Dodged            ||    18

Table legend:
 A = Non-vault XP
 B = Vault XP
 C = Vault XP percentage of total XP
 D = Non-vault monster count
 E = Vault monster count
 F = Vault count percentage of total count
                 A         B        C        D         E       F
            +---------+---------+-------+---------+---------+-------
      Total |      71 |       0 |   0.0 |      30 |       0 |   0.0
            +---------+---------+-------+---------+---------+-------
        D:1 |      51 |       0 |   0.0 |      21 |       0 |   0.0
        D:2 |      20 |       0 |   0.0 |       9 |       0 |   0.0
            +---------+---------+-------+---------+---------+-------
